Map: Dusk Towers

Players

Miszu - Winner!

  • Race: Terran Terran
  • League: Master

Skowryk

  • Race: Zerg Zerg
  • League: Master

VOD

Have the link to the VOD?

Description

Time

  • Played on: April 18, 2016, 5:36 p.m.
  • Length: 9:08
Show
View Real Time Build Order
Export as new Build Order

Miszu Terran - Winner!

Build Orders: Liberator Opening, Reaper Expand, MMM Bio 

Get SALT Encoding   

  12  0:00  SCV  
  13  0:12  SCV  
  14  0:18  Supply Depot  
  14  0:25  SCV  
  15  0:40  SCV  
  15  0:41  Barracks  
  16  0:44  Refinery  
  16  0:52  SCV  
  17  1:04  SCV  
  18  1:18  SCV  
  19  1:28  Reaper  
  19  1:31  Orbital Command  
  20  1:39  Command Center  
  20  1:48  Supply Depot  
  20  1:56  SCV  
  21  2:02  Marine  
  22  2:08  SCV  
  22  2:11  Factory  
  23  2:20  SCV  
  23  2:22  Barracks Reactor  
  24  2:27  Refinery  
  24  2:32  SCV  
  25  2:44  SCV  
  26  2:53  Orbital Command  
  26  2:57  Starport, SCV  
  27  2:59  Marine x2  
  27  3:02  Factory Tech Lab  
  29  3:09  SCV  
  30  3:17  Marine x2  
  30  3:19  SCV, Liberator  
  33  3:21  SCV  
  33  3:26  Supply Depot  
  34  3:31  SCV  
  34  3:33  SCV  
  39  3:42  Command Center  
  39  3:43  SCV  
  39  3:45  SCV  
  41  3:49  Supply Depot  
  41  3:52  Marine  
  41  3:55  Siege Tank, SCV  
  45  3:57  Marine  
  45  3:58  SCV  
  48  4:08  SCV  
  49  4:10  Marine  
  49  4:12  Supply Depot  
  49  4:15  Marine  
  51  4:21  SCV  
  54  4:25  Medivac  
  54  4:28  Marine  
  54  4:31  SCV  
  54  4:35  Supply Depot  
  54  4:37  Barracks  
  54  4:38  SCV  
  56  4:39  Barracks  
  56  4:40  Marine  
  56  4:43  Refinery x2  
  56  4:45  Engineering Bay x2  
  57  4:46  Marine  
  57  4:48  SCV  
  59  4:53  Orbital Command  
  59  4:56  SCV  
  59  4:57  Marine  
  61  5:07  SCV  
  61  5:09  SCV  
  63  5:17  Terran Infantry Weapons Level 1, Terran Infantry Armor Level 1  
  63  5:18  Starport Reactor  
  63  5:19  SCV  
  63  5:21  SCV, Orbital Command  
  65  5:24  Marine  
  65  5:26  Barracks Tech Lab  
  66  5:29  Barracks  
  66  5:30  Barracks Tech Lab  
  66  5:32  Barracks, SCV  
  66  5:33  SCV  
  68  5:36  Siege Tank  
  68  5:42  Marine x2  
  71  5:44  SCV  
  71  5:45  SCV  
  71  5:48  Supply Depot  
  75  5:53  Marine x2  
  75  5:55  Stimpack, Combat Shields  
  75  5:56  SCV  
  78  5:57  SCV  
  78  6:00  Marine x2  
  78  6:02  Medivac  
  83  6:08  SCV  
  83  6:09  SCV  
  83  6:10  Marine  
  83  6:11  Marine, Siege Tank  
  87  6:16  Supply Depot  
  87  6:18  Supply Depot, Marine  
  90  6:19  Barracks Reactor  
  90  6:20  Barracks Reactor, SCV  
  90  6:21  SCV  
  93  6:31  Marine x3  
  93  6:32  SCV  
  97  6:36  Marine  
  97  6:46  Orbital Command  
  88  6:49  Marine x3  
  88  6:54  Marine, Siege Tank  
  87  6:58  SCV  
  87  7:00  Marine x3  
  87  7:01  Marine  
  95  7:05  SCV  
  95  7:07  Marine x3  
  98  7:08  Medivac  
  98  7:09  Medivac  
  98  7:10  SCV  
  98  7:11  Marine  
  98  7:14  SCV  
  105  7:17  SCV  
  105  7:18  Marine x4  
  105  7:22  SCV  
  111  7:24  Marine, Armory  
  111  7:26  Marine, SCV  
  111  7:28  Marine  
  111  7:29  Siege Tank, SCV  
  119  7:31  Marine  
  119  7:34  SCV  
  121  7:38  SCV  
  121  7:39  Marine  
  123  7:46  Marine  
  123  7:47  Marine  
  125  7:53  Supply Depot  
  125  7:54  Supply Depot  
  125  7:55  Supply Depot  
  125  7:58  Barracks x2  
  125  8:01  Barracks  
  125  8:15  Refinery x2, Medivac x2, Marine x4  
  125  8:16  Marine x4, Siege Tank  
  140  8:32  Marine x4  
  140  8:33  Marine x3  
  147  8:35  Marine  
Show
View Real Time Build Order
Export as new Build Order

Skowryk Zerg 

Build Orders: Hatch First 

Get SALT Encoding   

  12  0:02  Drone  
  13  0:08  Drone  
  14  0:17  Overlord  
  14  0:36  Drone x3  
  17  0:53  Hatchery  
  16  1:01  Extractor  
  15  1:05  Drone x2  
  17  1:19  Spawning Pool  
  16  1:32  Drone x3  
  19  1:45  Overlord  
  19  2:05  Queen  
  19  2:08  Metabolic Boost  
  21  2:14  Roach Warren, Drone x3  
  23  2:18  Zergling x2  
  23  2:21  Zergling x2  
  25  2:29  Queen  
  24  2:48  Drone x3  
  26  3:00  Drone x4  
  30  3:13  Roach x2  
  34  3:20  Overlord  
  34  3:26  Overlord  
  34  3:36  Overlord  
  34  3:40  Roach  
  34  3:41  Roach x3  
  42  3:44  Lair  
  42  3:51  Drone x3  
  45  4:06  Roach  
  45  4:07  Roach x2  
  51  4:15  Overlord  
  51  4:27  Overlord x3  
  48  4:41  Roach x4  
  56  4:49  Hatchery  
  56  4:51  Drone  
  56  4:52  Drone  
  57  4:53  Drone  
  58  5:17  Ravager  
  59  5:23  Spore Crawler  
  59  5:27  Spore Crawler  
  57  5:28  Queen  
  59  5:39  Roach x3  
  59  5:40  Zergling x16  
  73  5:50  Roach  
  75  6:13  Roach  
  75  6:14  Overlord x2  
  75  6:15  Overlord  
  77  6:19  Drone x5  
  77  6:20  Drone  
  83  6:30  Zergling x6  
  70  6:50  Roach x2  
  61  7:07  Roach  
  59  7:11  Spore Crawler  
  37  8:24  Hatchery  
  24  8:28  Hatchery  
  24  8:33  Hatchery  
Tags
 
Add a new tag
Caveats
  • Supply blocks, unpowered buildings, or Contaminate may cause inaccurate times.
  • Supply counts are checked every 10 seconds.